 Dungeon Sprint DCSS version 0.30-a0-12-gd8047c6341 (webtiles) character file.

Game seed: 8846756012353634158

740 Hubris850 the Pandemonic (level 7, -1/86 HPs)
             Began as a Merfolk Transmuter on Aug 23, 2022.
             Was a High Priest of Makhleb.
             Killed from afar by Blork the orc (6 damage)
             ... with a magic dart
             ... in the Dungeon (Sprint VII: "The Pits").
             The game lasted 00:03:32 (949 turns).

Hubris850 the Pandemonic (Merfolk Transmuter)        Turns: 949, Time: 00:03:33

Health: -1/86      AC:  6    Str: 13    XL:     7   Next: 75%
Magic:  15/16      EV: 10    Int: 12    God:    Makhleb [*****.]
Gold:   0          SH:  0    Dex: 14    Spells: 10/15 levels left

rFire   x . .      SeeInvis .      - Unarmed
rCold   + + +      Faith    .    (shield currently unavailable)
rNeg    . . .      Spirit   .    (body armour currently unavailable)
rPois   +          Reflect  .    (helmet currently unavailable)
rElec   .          Harm     .    (cloak currently unavailable)
rCorr   .          Rampage  .    (gloves currently unavailable)
Will    .....      NoTele   +    (boots currently unavailable)
Stlth   ..........               (no amulet)
HPRegen 0.24/turn                (no ring)
MPRegen 0.15/turn                (no ring)

@: berserking, ice-form, very quick
A: freezing attack, boosted hp, large, (nimble swimmer 2), (mertail)
a: End Transformation, Renounce Religion, Minor Destruction, Lesser Servant of
Makhleb, Major Destruction, Greater Servant of Makhleb


You were in the Dungeon.
You worshipped Makhleb.
Makhleb was extremely pleased with you.
You were a creature of crystalline ice.
You visited 1 branch

Inventory:

Hand Weapons
 l - a +2 long sword of flaming
Armour
 a - a +0 robe (melded)
Wands
 m - a wand of polymorph (5)
Scrolls
 h - a scroll of blinking
 j - 5 scrolls of amnesia
 k - a scroll of summoning
Potions
 b - a potion of lignification
 c - 6 potions of curing
 d - 4 potions of heal wounds
 e - a potion of haste
 f - 4 potions of magic
 i - 2 potions of invisibility


   Skills:
 - Level 1.1 Fighting
 - Level 2.6 Dodging
 + Level 10.2 Unarmed Combat
 - Level 4.8 Spellcasting
 - Level 6.9 Transmutations
 - Level 5.1 Ice Magic
 - Level 12.0 Invocations


You had 10 spell levels left.
You knew the following spells:

 Your Spells              Type           Power      Damage    Failure   Level
a - Beastly Appendage     Tmut           38%        N/A       1%          1
b - Ice Form              Ice/Tmut       17%        N/A       17%         4

Your spell library contained the following spells:

 Spells                   Type           Power      Damage    Failure   Level
 Wereblood                Tmut           19%        N/A       1%          2
 Spider Form              Tmut/Pois      11%        N/A       14%         3


Dungeon Overview and Level Annotations

Branches:
Dungeon (1/1)

Altars:
Ashenzari
Cheibriados
Dithmenos
Elyvilon
Fedhas
Gozag
Hepliaklqana
Kikubaaqudgha
Makhleb
Nemelex Xobeh
Okawaru
Qazlal
Ru
Sif Muna
Trog
Uskayaw
Vehumet
Wu Jian
Xom
Yredelemnul
Zin
The Shining One
Jiyva
Lugonu

Annotations:
D Blork the orc


Innate Abilities, Weirdness & Mutations

You are a creature of crystalline ice.
You have a powerful freezing melee attack.
Your maximum health is increased.
Your armour is entirely melded.
You are incapable of wielding weapons or throwing items.
((You are very nimble when in or above water. (Stealth+, EV+, Speed+++)))
((Your lower body shifts to a powerful aquatic tail in water.))


Message History

an adder corpse; a water moccasin corpse
Okay, then.
Unknown command.
You open the door.
Blork the orc, a jumping spider and an efreet come into view.
The efreet is wielding a +1 scimitar of flaming.
Casting: Ice Form (dangerous; 17% risk of failure)
Confirm with . or Enter, or press ? or * to list all spells.
Okay, then.
Unknown command.
Aiming: Major Destruction (1% risk of failure)
Press: ? - help, Shift-Dir - straight line, f - efreet
Aim: an efreet, wielding a +1 scimitar of flaming The bolt of negative energy hits the efreet.
The efreet completely resists.
Blork the orc shouts!
The jumping spider's many legs skitter faintly.
The efreet gestures at you.
The fireball explodes!
The fireball engulfs you!! The fire burns you terribly!
The jumping spider leaps!
There is an open door here.
Unknown command.
Unknown command.
You feel much better.
The efreet hits you with a +1 scimitar of flaming!
The efreet melts you! Blork the orc barely misses you.
A red film seems to cover your vision as you go berserk!
You feel yourself moving faster!
You feel mighty!
Blork the orc hits you but does no damage.
The efreet hits you with a +1 scimitar of flaming!!
* * * LOW HITPOINT WARNING * * *
The efreet melts you!
* * * LOW HITPOINT WARNING * * *
You punch the efreet! You freeze the efreet.
The efreet is heavily wounded.
The jumping spider barely misses you.
The jumping spider bites you but does no damage.
Blork the orc gestures at you while chanting.
The magic dart hits you.
You die...

#.#..########...<...#
#.#..'[))).##.......#
#†#..#[.)).##.......#
#'###########.......#
#†).....#..##########
#...#...#.######
#...#...#†#....#
#.##.##.#†#s...#
#...#...#.Yo...+
#...#...#'#R○..#
#.......'.#....#
################


You could see an efreet, a jumping spider and Blork the orc.

Vanquished Creatures
  A flying skull (D)
  A fire bat (D)
  A water moccasin (D)
  A black bear (D)
  A wolf (D)
  A scorpion (D)
  2 hounds (D)
  Ijyb (D)
  A river rat (D)
  An adder (D)
  A white imp (D)
  An orc (D)
  A goblin (D)
  A hobgoblin (D)
  2 quokkas (D)
  A ball python zombie (D)
  2 frilled lizards (D)
  A rat (D)
21 creatures vanquished.

Notes
Turn   | Place    | Note
-------+----------+-------------------------------------------
     0 | D        | Hubris850 the Merfolk Transmuter began the quest for the
                  | Orb.
     0 | D        | Reached XP level 1. HP: 15/15 MP: 3/3
    41 | D        | Found a glowing golden altar of the Shining One.
    41 | D        | Found a glowing silver altar of Zin.
    41 | D        | Found a basalt altar of Yredelemnul.
    41 | D        | Found a shimmering altar of Xom.
    41 | D        | Found an ornate altar of the Wu Jian Council.
    41 | D        | Found a bloodstained altar of Trog.
    41 | D        | Found a shimmering blue altar of Sif Muna.
    41 | D        | Found a sacrificial altar of Ru.
    41 | D        | Found a stormy altar of Qazlal.
    41 | D        | Found an iron altar of Okawaru.
    41 | D        | Found a sparkling altar of Nemelex Xobeh.
    41 | D        | Found a burning altar of Makhleb.
    41 | D        | Found a viscous altar of Jiyva.
    41 | D        | Found a hazy altar of Hepliaklqana.
    41 | D        | Found an opulent altar of Gozag.
    41 | D        | Found a blossoming altar of Fedhas.
    41 | D        | Found a white marble altar of Elyvilon.
    41 | D        | Found a shadowy altar of Dithmenos.
    41 | D        | Found a snail-covered altar of Cheibriados.
    42 | D        | Found a radiant altar of Vehumet.
    42 | D        | Found a corrupted altar of Lugonu.
    43 | D        | Found a hide-covered altar of Uskayaw.
    43 | D        | Found an ancient bone altar of Kikubaaqudgha.
    43 | D        | Found a broken altar of Ashenzari.
    51 | D        | Became a worshipper of Makhleb the Destroyer
   161 | D        | Noticed a scorpion
   171 | D        | Killed a scorpion
   172 | D        | Reached XP level 2. HP: 21/21 MP: 5/5
   172 | D        | Reached XP level 3. HP: 26/26 MP: 6/6
   226 | D        | Reached * piety under Makhleb
   246 | D        | Reached skill level 1 in Invocations
   246 | D        | Reached XP level 4. HP: 29/32 MP: 7/7
   262 | D        | Reached ** piety under Makhleb
   282 | D        | Reached skill level 4 in Invocations
   444 | D        | Learned a level 4 spell: Ice Form
   720 | D        | Noticed Ijyb
   721 | D        | Noticed a black bear
   721 | D        | Noticed a flying skull
   721 | D        | Noticed a wolf
   726 | D        | Killed a wolf
   727 | D        | Reached skill level 8 in Invocations
   727 | D        | Reached XP level 5. HP: 37/37 MP: 3/11
   734 | D        | Killed a flying skull
   734 | D        | Reached *** piety under Makhleb
   735 | D        | Reached skill level 12 in Invocations
   735 | D        | Reached XP level 6. HP: 43/43 MP: 4/15
   737 | D        | Killed a black bear
   745 | D        | Killed Ijyb
   746 | D        | Reached XP level 7. HP: 48/48 MP: 5/16
   922 | D        | Reached **** piety under Makhleb
   924 | D        | Noticed a fire bat
   926 | D        | Killed a fire bat
   927 | D        | Reached skill level 5 in Transmutations
   931 | D        | Reached skill level 10 in Unarmed Combat
   934 | D        | Reached skill level 5 in Ice Magic
   934 | D        | Reached ***** piety under Makhleb
   944 | D        | Noticed Blork the orc
   944 | D        | Noticed a jumping spider
   944 | D        | Noticed an efreet
   949 | D        | Killed from afar by Blork the orc

Illustrated notes

Levels and vault maps discovered:
D:        pitsprint [storerooms_1, entrance_room_1, metal_vault_8, armoury_1,
          mini_pit_1, grid_room_1, main_hall_1, silver_pit, the_coven_1,
          the_vestibule_1, steel_vault_3, golden_pit, hallway_of_sentries,
          crystal_vault_4, iron_vault_1, final_vault]

Skill      XL: |  1  2  3  4  5  6  7 |
---------------+----------------------+-----
Unarmed Combat | 8 9 10 | 10.2
Invocations    | 1 8 12 | 12.0
Spellcasting   | 3 4 |  4.8
Transmutations | 4 6 |  6.9
Ice Magic      | 2 5 |  5.1
Fighting       | |  1.1
Dodging        | |  2.6

Action                   |  1- 3 |  4- 6 |  7- 9 || total
-------------------------+-------+-------+-------++-------
Melee: Unarmed           |    24 |    27 |    14 ||    65
       Punch             |     1 |       |       ||     1
 Cast: Ice Form          |       |     1 |     1 ||     2
Invok: Minor Destruction |       |     3 |       ||     3
       Major Destruction |       |       |     1 ||     1
  Use: Potion            |     1 |     2 |     2 ||     5
Armor: Robe              |     2 |       |       ||     2
       Skin              |       |     6 |     4 ||    10
Dodge: Dodged            |    12 |     9 |     7 ||    28

Table legend: (Time is in decaauts)
 A = Elapsed time spent in this place.
 B = Non-inter-level travel time spent in this place.
 C = Inter-level travel time spent in this place.
 D = Time resting spent in this place.
 E = Time spent auto-exploring this place.
 F = Levels seen in this place.
 G = Mean time per level.
                   A        B        C        D        E       F      G
               +--------+--------+--------+--------+--------+-----+--------+
         Total |    957 |    957 |      0 |    699 |      0 |   1 |  957.0 |
       Dungeon |    957 |    957 |      0 |    699 |      0 |   1 |  957.0 |
               +--------+--------+--------+--------+--------+-----+--------+

Top non-repeatable levels by time:
       D: 957 daAuts
